 Dungeon Crawl Stone Soup version 0.24-a0-630-g0d56a851f4 (webtiles) character file.

Game seed: 10855521770255786217, levelgen mode: deterministic

161 P0NYSLAYSTATION the Skirmisher (level 5, -10/42 HPs)
             Began as a Mummy Fighter on Sept 20, 2019.
             Was a Follower of Yredelemnul.
             Killed by divine providence
             ... invoked by an orc priest
              (11 damage)
             ... on level 2 of the Dungeon.
             The game lasted 00:08:04 (1959 turns).

P0NYSLAYSTATION the Skirmisher (Mummy Fighter)      Turns: 1959, Time: 00:08:05

Health: -10/42     AC:  7    Str: 20    XL:     5   Next: 19%
Magic:  5/5        EV:  7    Int:  7    God:    Yredelemnul [*.....]
Gold:   122        SH:  9    Dex: 12    Spells: 4/4 levels left

rFire    x . .     SeeInvis .   a - +0 trident
rCold    + . .     Gourm    .   c - +0 shield
rNeg     + + +     Faith    .   b - +1 scale mail
rPois    ∞         Spirit   .   (no helmet)
rElec    .         Reflect  .   (no cloak)
rCorr    .         Harm     .   (no gloves)
MR       .....                  (no boots)
Stlth    ..........             (no amulet)
HPRegen  0.14/turn              (no ring)
MPRegen  0.09/turn              (no ring)

@: no status effects
A: no food or potions, fire vulnerability, cold resistance 1, negative energy
resistance 3, torment resistance, unbreathing
a: Animate Remains, Renounce Religion


You were on level 2 of the Dungeon.
You worshipped Yredelemnul.
Yredelemnul was aware of your devotion.
You were not hungry.

You visited 2 branches of the dungeon, and saw 6 of its levels.

You collected 122 gold pieces.

Inventory:

Hand Weapons
 a - a +0 trident (weapon)
Armour
 b - a +1 scale mail (worn)
 c - a +0 shield (worn)
Jewellery
 h - an uncursed amulet of the gourmand {unknown}
Scrolls
 d - 2 scrolls of immolation
 f - a scroll of amnesia {unknown}
 g - a scroll of magic mapping {unknown}
 i - a scroll of identify {unknown}


   Skills:
 + Level 3.6 Fighting
 + Level 2.6 Polearms
 + Level 3.1 Armour
 + Level 0.2 Dodging
 + Level 3.2 Shields


You had 4 spell levels left.
You didn't know any spells.
Your spell library was empty.

Dungeon Overview and Level Annotations

Branches:
Dungeon (5/15)             Temple (1/1) D:4

Altars:
Ashenzari
Cheibriados
Dithmenos
Elyvilon
Fedhas
Hepliaklqana
Kikubaaqudgha
Nemelex Xobeh
Okawaru
Qazlal
Ru
Trog
Uskayaw
Vehumet
Wu Jian
Yredelemnul
Zin


Innate Abilities, Weirdness & Mutations

You do not eat or drink.
Your flesh is vulnerable to fire.
You are immune to poison.
Your flesh is cold resistant. (rC+)
You are immune to negative energy. (rN+++)
You are immune to unholy pain and torment.
You can survive without breathing.


Message History

The magic dart hits you!
* * * LOW HITPOINT WARNING * * *
As you read the scroll labeled NOPEQIA ZYFEA, it crumbles to dust.
The creatures around you are filled with an inner flame!
It was a scroll of immolation.
The orc wizard gestures at you while chanting.
The magic dart hits you.
* * * LOW HITPOINT WARNING * * *
The orc priest invokes the aid of Beogh against you.
Beogh smites you!
* * * LOW HITPOINT WARNING * * *
Okay, then.
As you read the scroll labeled ESIALEO QIUG, it crumbles to dust.
It is a scroll of enchant armour.
Your +0 scale mail glows green for a moment.
The orc priest looks satisfied for a moment.
The orc priest invokes the aid of Beogh against you.
Beogh smites you!
You die...
Yredelemnul claims you as an undead slave.

#.......#.#.#.#.#.
#......#.#.#.#.#.#
#.......#.#.#.#.#.
#......#.#.#.#.#.#
######.......#.#.#.#.#.
........)...#.#.#.#.#.#
.#.#.#o#o.....#.#.#.#Z#.
........oo...#.#.#.#.#.#
#.#.#.#@#.....)....###..
...............)...# #..
.#.#.#.#.#.....†...# #..
...................# #..
#.#.#.#.#.#.'####### ##.
...........#.# #.
#.#.#.#.#.#.# #>
........... ##
#.#.#..####


You could see an orc priest (inner flame), an orc wizard (inner flame) and 2
orcs.

Vanquished Creatures
  A crimson imp (D:5)
  A worker ant (D:5)
  3 adders
  An ooze (D:1)
  An adder skeleton (D:5)
  5 dart slugs (D:1)
  3 leopard geckos
  An orc (D:4)
  5 giant cockroaches
  4 goblins
  6 hobgoblins
  4 jackals (D:1)
  8 bats
  5 kobolds
  4 rats
52 creatures vanquished.

Vanquished Creatures (collateral kills)
  A quokka (D:2)
1 creature vanquished.

Vanquished Creatures (others)
  A goblin zombie (D:2)
1 creature vanquished.

Grand Total: 54 creatures vanquished

Notes
Turn   | Place    | Note
-------+----------+-------------------------------------------
     0 | D:1      | P0NYSLAYSTATION the Mummy Fighter began the quest for the
                  | Orb.
     0 | D:1      | Reached XP level 1. HP: 18/18 MP: 1/1
    84 | D:2      | Reached XP level 2. HP: 11/24 MP: 2/2
   357 | D:5      | Entered Level 5 of the Dungeon
   357 | D:5      | Noticed a crimson imp
   445 | D:5      | Reached XP level 3. HP: 11/29 MP: 3/3
   662 | D:5      | Reached XP level 4. HP: 32/35 MP: 4/4
   764 | D:4      | Found a staircase to the Ecumenical Temple.
   769 | Temple   | Entered the Ecumenical Temple
   828 | Temple   | Became a worshipper of Yredelemnul the Dark
  1606 | D:1      | Reached * piety under Yredelemnul
  1688 | D:2      | Reached XP level 5. HP: 42/42 MP: 5/5
  1957 | D:2      | HP: 1/42 [orc priest/divine providence (9)]
  1959 | D:2      | Killed from afar by an orc priest

Levels and vault maps discovered:
D:1:      dpeg_arrival_pits, layout_loops_ring, minmay_bisected
D:2:      layout_basic, minivault_23, hex_medium, minivault_11
D:3:      layout_basic, uniq_jessica
D:4:      layout_loops_corners, temple_doors_e, minmay_misc_feat_columns
D:5:      layout_rooms, xom_confusion_cloud, minitemple, first_ration
Temple:   minmay_crystal_spiral_temple

Skill      XL: |  1  2  3 |
---------------+----------+-----
Polearms       | 2 |  2.6
Armour         | 3 |  3.1
Shields        | 3 |  3.2
Fighting       | |  3.6
Dodging        | |  0.2

Action                   |  1- 3 |  4- 6 || total
-------------------------+-------+-------++-------
Melee: Trident           |    61 |   158 ||   219
Invok: Animate Remains   |       |     1 ||     1
  Use: Scroll            |       |     2 ||     2
Armor: Scale mail        |    18 |    86 ||   104
Dodge: Dodged            |    19 |    43 ||    62
Block: Shield            |    27 |    80 ||   107

Table legend:
 A = Non-vault XP
 B = Vault XP
 C = Vault XP percentage of total XP
 D = Non-vault monster count
 E = Vault monster count
 F = Vault count percentage of total count
                 A         B        C        D         E       F
            +---------+---------+-------+---------+---------+-------
      Total |     218 |      13 |   5.6 |      47 |       6 |  11.3
            +---------+---------+-------+---------+---------+-------
        D:1 |      55 |      13 |  19.1 |      23 |       6 |  20.7
        D:2 |      55 |       0 |   0.0 |      18 |       0 |   0.0
        D:3 |      13 |       0 |   0.0 |       1 |       0 |   0.0
        D:4 |       3 |       0 |   0.0 |       1 |       0 |   0.0
        D:5 |      92 |       0 |   0.0 |       4 |       0 |   0.0
            +---------+---------+-------+---------+---------+-------
